 Dungeon Crawl Stone Soup version 0.29-a0-231-g945431f764 (webtiles) character file.

Game seed: 16261265575368146873

93 lunkers the Grave Robber (level 4, 0/30 HPs)
             Began as a Vampire Necromancer on Feb 28, 2022.
             Killed from afar by an orc wizard (5 damage)
             ... with a magic dart
             ... on level 2 of the Dungeon.
             The game lasted 00:04:03 (1376 turns).

lunkers the Grave Robber (Vampire Necromancer)      Turns: 1376, Time: 00:04:04

Health: 0/30       AC:  3    Str:  7    XL:     4   Next: 37%
Magic:  0/17       EV: 12    Int: 19    God:
Gold:   933        SH:  0    Dex: 14    Spells: 4/8 levels left

rFire   . . .      SeeInvis +   (no weapon)
rCold   . . .      Faith    .   (no shield)
rNeg    . . .      Spirit   .   a - +0 robe
rPois   .          Reflect  .   (no helmet)
rElec   .          Harm     .   (no cloak)
rCorr   .          Rampage  .   k - +0 pair of gloves
Will    .....                   (no boots)
Stlth   ++........              (no amulet)
HPRegen 0.30/turn               f - ring of magical power
MPRegen 0.15/turn               (no ring)

@: very slightly contaminated, healing quickly
A: alive, fangs 3, see invisible, vampiric 2
a: Exsanguinate


You were on level 2 of the Dungeon.
You visited 1 branch of the dungeon, and saw 2 of its levels.

You collected 933 gold pieces.

Inventory:

Armour
 a - a +0 robe (worn)
 k - a +0 pair of gloves (worn)
Jewellery
 f - a ring of magical power (left hand)
Potions
 b - a potion of mutation
 c - a potion of cancellation {unknown}
 h - 2 potions of heal wounds
 i - a potion of brilliance {unknown}
 j - a potion of lignification {unknown}


   Skills:
 - Level 2.1 Dodging
 - Level 3.0 Stealth
 + Level 2.9 Spellcasting
 * Level 5.9 Necromancy


You had 4 spell levels left.
You knew the following spells:

 Your Spells              Type           Power      Damage    Failure   Level
a - Pain                  Necr           100%       1d9       1%          1
b - Vampiric Draining     Necr           25%        2d7       4%          3

Your spell library contained the following spells:

 Spells                   Type           Power      Damage    Failure   Level
 Animate Skeleton         Necr           50%        N/A       1%          1
 Animate Dead             Necr           12%        N/A       14%         4
 Agony                    Necr           25%        N/A       36%         5


Dungeon Overview and Level Annotations

Branches:
Dungeon (2/15)

Altars:
Sif Muna

Shops:
D:1 [

Annotations:
D:2 Natasha


Innate Abilities, Weirdness & Mutations

Your natural rate of healing is accelerated.
You have razor-sharp teeth.
You have supernaturally acute eyesight. (SInv)
You are afflicted with vampirism and can become a bat while bloodless.


Message History

You miscast Vampiric Draining.
You are very lightly contaminated with residual magic.
Nothing appears to happen.
* * * LOW MAGIC WARNING * * *
The orc closely misses you.
Unknown command.
You aren't carrying any items that you can evoke.
Unknown command.
You aren't carrying any scrolls.
Unknown command.
Casting: Vampiric Draining (dangerous; 4% risk of failure)
Confirm with . or Enter, or press ? or * to list all spells.
Aiming: Pain (safe; 1% risk of failure)
Press: ? - help, Shift-Dir - straight line, f - orc priest, p - orc
Aim: an orc priest, wielding a +0 club and wearing a +0 ring mail (chance to affect: 83%)
The orc writhes in agony.
You kill the orc!
* * * LOW MAGIC WARNING * * *
Casting: Pain (safe; 1% risk of failure)
Confirm with . or Enter, or press ? or * to list all spells.
Aiming: Pain (safe; 1% risk of failure)
Press: ? - help, Shift-Dir - straight line, f/p - orc priest
Aim: an orc priest, wielding a +0 club and wearing a +0 ring mail (chance to affect: 83%)
The orc wizard writhes in agony!
* * * LOW MAGIC WARNING * * *
The orc wizard hits you with a +0 dagger.
* * * LOW HITPOINT WARNING * * *
Casting: Pain (safe; 1% risk of failure)
Confirm with . or Enter, or press ? or * to list all spells.
Aiming: Pain (safe; 1% risk of failure)
Press: ? - help, Shift-Dir - straight line, f/p - orc priest
Aim: an orc priest, wielding a +0 club and wearing a +0 ring mail (chance to affect: 83%)
The orc wizard barely resists.
* * * LOW MAGIC WARNING * * *
The orc wizard hits you with a +0 dagger.
* * * LOW HITPOINT WARNING * * *
You aren't carrying any scrolls.
The orc wizard gestures at you while chanting.
The magic dart hits you.
You die...

#.....##.#
#.....##.#
##†#####.#
#....##.#
#....##..
#....####
#....†..#
#########.#
#......@#.#
#.#####..o#
####or.....
.......
.......
..$....
.......
....###
.####


You could see an orc priest, an orc wizard (invisible) and a quokka.

Vanquished Creatures
  An orc priest (D:2)
  Natasha (D:2)
  A worm (D:2)
  2 orcs (D:2)
  2 ball pythons
  6 endoplasms
  3 giant cockroaches
  3 goblins
  A jackal (D:1)
  4 kobolds
  A quokka (D:1)
  3 bats
  A frilled lizard (D:1)
  3 rats
32 creatures vanquished.

Notes
Turn   | Place    | Note
-------+----------+-------------------------------------------
     0 | D:1      | lunkers the Vampire Necromancer began the quest for the
                  | Orb.
     0 | D:1      | Reached XP level 1. HP: 13/13 MP: 3/3
    73 | D:1      | Found Neizotuv's Armour Shoppe.
   230 | D:1      | Found a faded altar of an unknown god.
   333 | D:1      | Reached XP level 2. HP: 18/19 MP: 3/5
   755 | D:1      | Reached skill level 5 in Necromancy
  1008 | D:2      | Found a shimmering blue altar of Sif Muna.
  1030 | D:2      | Identified a scroll of acquirement
  1030 | D:2      | Acquired 803 gold pieces
  1174 | D:2      | Noticed Natasha
  1180 | D:2      | Killed Natasha
  1181 | D:2      | Gained mutation: You are afflicted with vampirism and can
                  | become a bat while bloodless. [Vampire growth]
  1181 | D:2      | Reached XP level 3. HP: 20/24 MP: 6/6
  1208 | D:2      | Noticed Natasha
  1233 | D:2      | Learned a level 3 spell: Vampiric Draining
  1370 | D:2      | Reached XP level 4. HP: 14/30 MP: 8/8
  1376 | D:2      | Killed from afar by an orc wizard

Illustrated notes

Levels and vault maps discovered:
D:1:      ncdulo_halloftheorcs, layout_basic, serial_shops,
          nicolae_shop_crystal, hellmonk_ecumenical_altar_arch_garden,
          grunt_decor_fettered, corexii_hall_statues_l, minmay_tetromino_i4
D:2:      layout_basic, basic_altar, uniq_natasha

Skill      XL: |  1  2 |
---------------+-------+-----
Necromancy     | 5 |  5.9
Dodging        | |  2.1
Stealth        | |  3.0
Spellcasting   | |  2.9

Action                   |  1- 3 |  4- 6 || total
-------------------------+-------+-------++-------
 Cast: Pain              |    59 |     3 ||    62
       Vampiric Draining |     2 |     1 ||     3
  Use: Scroll            |     4 |       ||     4
Armor: Robe              |     1 |       ||     1
Dodge: Dodged            |     3 |     1 ||     4

Table legend: (Time is in decaauts)
 A = Elapsed time spent in this place.
 B = Non-inter-level travel time spent in this place.
 C = Inter-level travel time spent in this place.
 D = Time resting spent in this place.
 E = Time spent auto-exploring this place.
 F = Levels seen in this place.
 G = Mean time per level.
                   A        B        C        D        E       F      G
               +--------+--------+--------+--------+--------+-----+--------+
         Total |   1375 |   1352 |     23 |      0 |   1144 |   2 |  687.5 |
       Dungeon |   1375 |   1352 |     23 |      0 |   1144 |   2 |  687.5 |
               +--------+--------+--------+--------+--------+-----+--------+

Top non-repeatable levels by time:
     D:1: 785 daAuts
     D:2: 589 daAuts
